 Dungeon Crawl Stone Soup version 0.30.0-30-g96aa6591b8 (webtiles) character file.

Game seed: 11929925801430610228

21 rj54x the Chopper (level 2, 0/27 HPs)
             Began as a Hill Orc Berserker on June 30, 2023.
             Was a Follower of Trog.
             Slain by an adder (1 damage)
             ... on level 2 of the Dungeon.
             The game lasted 00:06:26 (680 turns).

rj54x the Chopper (Hill Orc Berserker)               Turns: 680, Time: 00:06:26

Health: 0/27       AC:  2    Str: 19    XL:     2   Next: 87%
Magic:  2/2        EV: 12    Int:  7    God:    Trog [*.....]
Gold:   26         SH:  0    Dex: 10    Spells: 1/1 levels left

rFire   . . .        a - +0 hand axe
rCold   . . .        (no shield)
rNeg    . . .        b - +0 animal skin
rPois   .            (no helmet)
rElec   .            (no cloak)
rCorr   .            (no gloves)
SInv    .            (no boots)
Will    .....        (no amulet)
Stlth   +            (no ring)
HPRegen 0.24/turn    (no ring)
MPRegen 0.08/turn

%: no passive effects
@: no status effects
A: no striking features
a: Renounce Religion, Berserk


You were on level 2 of the Dungeon.
You worshipped Trog.
Trog was aware of your devotion.
You visited 1 branch of the dungeon, and saw 2 of its levels.

You collected 26 gold pieces.

Inventory:

Hand Weapons
 a - a +0 hand axe (weapon)
Missiles
 c - 8 stones (quivered)
Armour
 b - a +0 animal skin (worn)
 d - a +0 cloak


   Skills:
 + Level 4.0 Fighting
 + Level 4.5 Axes
 + Level 2.3 Armour
 + Level 2.0 Dodging


You had one spell level left.
You didn't know any spells.
Your spell library contained the following spells:

 Spells                   Type           Power      Damage    Failure   Level
 Sting                    Tmut/Pois      0%         1d3       43%         1
 Poisonous Vapours        Pois/Air       0%         N/A       56%         2
 Olgreb's Toxic Radiance  Pois           0%         N/A       99%         4


Dungeon Overview and Level Annotations

Branches:
Dungeon (2/15)

Altars:
Vehumet


Message History

You are no longer poisoned.
The adder bites you.
* * * LOW HITPOINT WARNING * * *
The adder attacks as you move away! The adder closely misses you.
The adder bites you.
* * * LOW HITPOINT WARNING * * *
You are poisoned.
The adder poisons you! The adder closely misses you.
The adder attacks as you move away! The adder barely misses you.
* * * LOW HITPOINT WARNING * * *
You feel sick.
* * * LOW HITPOINT WARNING * * *
You feel sick. The adder attacks as you move away!
The adder closely misses you.
* * * LOW HITPOINT WARNING * * *
You feel sick. The adder closely misses you.
The adder attacks as you move away! The adder barely misses you.
* * * LOW HITPOINT WARNING * * *
You feel sick. The adder attacks as you move away! The adder misses you.
* * * LOW HITPOINT WARNING * * *
You feel sick.
You are no longer poisoned.
The adder closely misses you. The adder barely misses you.
The adder attacks as you move away! The adder closely misses you.
The adder barely misses you. The adder attacks as you move away!
The adder misses you. The adder attacks as you move away! The adder misses you.
The adder closely misses you. x2
The adder attacks as you move away! The adder barely misses you.
The adder attacks as you move away! The adder closely misses you.
The adder bites you but does no damage. The adder misses you.
The adder attacks as you move away! The adder bites you.
* * * LOW HITPOINT WARNING * * *
You are too injured to fight recklessly!
You are too injured to fight recklessly!
The adder bites you.
You die...

##.#####.. <........<...#
.........# #######..#####
##.####### #..# #.# #..########
#.# ###.........# #.#
#...#######.# #.## #.#..........
#..# ###### #.#.#######.# ##.#
#.S@.# #.#.# #.# #.# #.##.# #.#.#
#.# #.# #.##.# #.#.# #.#
###.##########.##.# #.#.#######.#
...............##.###............
....#############..............)#
...## #######.#######.. ##.#
...........# #... ###..........


You could see an adder.

Vanquished Creatures
  A bat (D:1)
  2 endoplasms
  A goblin (D:1)
  3 hobgoblins
  4 kobolds
  2 ball pythons
  3 frilled lizards
  3 rats (D:1)
19 creatures vanquished.

Notes
Turn   | Place    | Note
-------+----------+-------------------------------------------
     0 | D:1      | rj54x the Hill Orc Berserker began the quest for the Orb.
     0 | D:1      | Reached XP level 1. HP: 19/19 MP: 1/1
   170 | D:1      | Reached XP level 2. HP: 25/27 MP: 2/2
   318 | D:2      | Found a radiant altar of Vehumet.
   662 | D:2      | HP: 1/27 [poisoned by an adder]
   679 | D:2      | HP: 1/27 [adder (4)]
   680 | D:2      | Slain by an adder

Illustrated notes

Levels and vault maps discovered:
D:1:      tekkud_arrival_beachfront_property, layout_basic,
          hellmonk_ecumenical_altar_pennies_from_heaven
D:2:      layout_loops_ring, basic_altar, minmay_tetromino_l2

Skill      XL: |  1  2 |
---------------+-------+-----
Fighting       | 4 |  4.0
Dodging        | 2 |  2.0
Axes           | |  4.5
Armour         | |  2.3

Action                     || total
---------------------------++-------
  Melee: Hand axe          ||    83
 Armour: Animal skin       ||    23
  Dodge: Dodged            ||    83
